 Dungeon Crawl Stone Soup version 0.30-a0-451-ge042605de7 (webtiles) character file.

Game seed: 5970987323530824261

4663 AigisTheKnight the Geomancer (level 10, 64/64 HPs)
             Began as a Gargoyle Earth Elementalist on Dec 12, 2022.
             Was a Believer of Vehumet.
             Quit the game in a bailey.
             The game lasted 00:17:15 (9325 turns).

AigisTheKnight the Geomancer (GrEE)                 Turns: 9325, Time: 00:17:16

Health: 64/64      AC: 18    Str: 13    XL:     10   Next: 43%
Magic:  20/20      EV: 12    Int: 17    God:    Vehumet [**....]
Gold:   516        SH:  0    Dex: 10    Spells: 16/22 levels left

rFire   + . .      SeeInvis .    Y - +5 halberd of the Forsaken Beggars {drain, rF+ rN+ Will+ Int-2}
rCold   + . .      Faith    .    (shield currently unavailable)
rNeg    + + .      Spirit   .    P - +2 leather armour "Tympem" {rC+}
rPois   ∞          Reflect  .    y - +0 hat
rElec   +          Harm     .    m - scarf {shadows}
rCorr   .          Rampage  .    (no gloves)
Will    +....                    p - +1 pair of boots
Stlth   ++........               (no amulet)
HPRegen 0.30/turn                v - +4 ring of slaying
MPRegen 0.17/turn                U - +4 ring of protection

@: no status effects
A: sickness immunity, AC +7, negative energy resistance 1, electricity
resistance, torment resistance 1, petrification resistance
a: Renounce Religion


You were in a bailey.
You worshipped Vehumet.
Vehumet was pleased with you.
You visited 2 branches of the dungeon, and saw 10 of its levels.
You also visited: Sewer and Bailey.

You collected 516 gold pieces.

Inventory:

Hand Weapons
 n - the +4 whip of the Living Dead {protect, *Slow Fly Dex+5}
   (You found it on level 2 of the Dungeon)

   It grants its wielder temporary protection when it strikes (+7 to AC).
   Dex:       It affects your dexterity (+5).
   Fly:       It grants you flight.
   *Slow:     It may slow you when you take damage.
 w - a +2 mace of holy wrath
 K - a +1 shortbow of freezing
 Y - the +5 halberd of the Forsaken Beggars (weapon) {drain, rF+ rN+ Will+ Int-2}
   (You found it on level 9 of the Dungeon)

   A truly terrible weapon, it drains the life of any living foe it strikes.
   Int:       It affects your intelligence (-2).
   rF:        It protects you from fire.
   rN:        It protects you from negative energy.
   Will:      It increases your willpower.
Missiles
 R - a throwing net
Armour
 m - a scarf of shadows (worn)
 p - a +1 pair of boots (worn)
 y - a +0 hat (worn)
 G - a +0 cloak
 P - the +2 leather armour "Tympem" (worn) {rC+}
   (You found it on level 7 of the Dungeon)

   rC:        It protects you from cold.
Magical Staves
 x - a staff of conjuration
Jewellery
 v - a +4 ring of slaying (left hand)
 N - a ring of protection from cold
 O - a +6 ring of dexterity
 U - a +4 ring of protection (right hand)
 Z - a ring of willpower
Wands
 k - a wand of charming (6)
 B - a wand of flame (67)
 I - a wand of polymorph (12)
 L - a wand of digging (8)
 Q - a wand of mindburst (11)
 W - a wand of light (8)
Scrolls
 f - a scroll of torment {unknown}
 g - a scroll of immolation {unknown}
 h - a scroll of teleportation {unknown}
 j - 4 scrolls of noise {unknown}
 l - 2 scrolls of amnesia {unknown}
 o - 2 scrolls of summoning {unknown}
 q - a scroll of poison {unknown}
 r - 2 scrolls of fog {unknown}
 t - a scroll of magic mapping {unknown}
 u - 3 scrolls of vulnerability {unknown}
 F - a scroll of fear {unknown}
 H - 2 scrolls of silence {unknown}
 M - a scroll of blinking {unknown}
 X - a scroll of brand weapon {unknown}
Potions
 b - 2 potions of magic
 d - 2 potions of curing
 e - 3 potions of mutation
 i - 2 potions of invisibility
 s - 3 potions of flight
 z - a potion of cancellation {unknown}
 A - 3 potions of heal wounds
 C - a potion of berserk rage {unknown}
 E - a potion of attraction
 J - 2 potions of ambrosia
 S - a potion of brilliance
 T - a potion of haste
 V - a potion of lignification


   Skills:
 + Level 7.6 Fighting
 + Level 4.2 Armour
 - Level 5.0 Dodging
 - Level 2.2 Stealth
 + Level 6.7 Spellcasting
 + Level 5.4 Conjurations
 - Level 0.7 Transmutations
 + Level 9.2 Earth Magic


You had 16 spell levels left.
You knew the following spells:

 Your Spells              Type           Power      Damage    Failure   Level
a - Sandblast             Erth           74%        2d16      1%          1
b - Stone Arrow           Conj/Erth      60%        3d10      2%          3
c - Passwall              Tmut/Erth      18%        N/A       2%          2

Your spell library contained the following spells:

 Spells                   Type           Power      Damage    Failure   Level
 Kiss of Death            Conj/Necr      56%        2d9       4%          1
 Freeze                   Ice            20%        1d4       14%         1
 Hailstorm                Conj/Ice       14%        3d5       14%         3
 Petrify                  Tmut/Erth      22%        N/A       19%         4
 Frozen Ramparts          Ice            10%        1d2       41%         3
 Gell's Gravitas          Tloc           5%         N/A       41%         3
 Inner Flame              Hex/Fire       5%         N/A       41%         3
 Lesser Beckoning         Tloc           10%        N/A       41%         3
 Teleport Other           Tloc           5%         N/A       41%         3
 Iskenderun's Battlesphe  Conj           24%        2d8       41%         5
 Iron Shot                Conj/Erth      15%        9d4       75%         6
 Ice Form                 Ice/Tmut       7%         N/A       77%         4
 Cause Fear               Hex            2%         N/A       82%         4
 Summon Ice Beast         Ice/Summ       5%         N/A       82%         4
 Spellforged Servitor     Conj/Summ      7%         N/A       100%        7
 Discord                  Hex            2%         N/A       100%        8


Dungeon Overview and Level Annotations

Branches:
Dungeon (9/15)             Temple (1/1) D:7           Sewer (visited)
 Bailey (1/1)
   Lair: D:8-11         Orc: D:9-12

Altars:
Ashenzari
Dithmenos
Elyvilon
Fedhas
Gozag
Kikubaaqudgha
Makhleb
Nemelex Xobeh
Okawaru
Qazlal
Ru
Sif Muna
Trog
Uskayaw
Vehumet
Wu Jian
Xom
Yredelemnul
Zin
The Shining One

Shops:
D:9 :

Annotations:
D:5 1 runed translucent door, cforsyth's ghost, novice MiBe
D:9 1 runed translucent door


Innate Abilities, Weirdness & Mutations

You are immune to sickness and miasma.
Your stone body is resilient. (AC +7)
You are immune to poison.
You resist negative energy. (rN+)
You are resistant to electric shocks. (rElec)
You are resistant to unholy torment.
You are immune to petrification.


Message History

You see here a +0 spear.
You see here the +5 halberd of the Forsaken Beggars {drain, rF+ rN+ Will+ Int-2}.
Y - the +5 halberd of the Forsaken Beggars {drain, rF+ rN+ Will+ Int-2}
Found Etosoxt's Book Shoppe.
Found a stone staircase leading down.
Z - a ring of willpower You hear the creaking of a portcullis.
There is an entrance to Etosoxt's Book Shoppe here.
Your +1 shortbow of freezing stops glowing.
You feel stupid.
You sense an unholy aura.
Y - the +5 halberd of the Forsaken Beggars (weapon)
{drain, rF+ rN+ Will+ Int-2} You see here a +0 spear.
There is a flagged portal here.
As you read the scroll labelled FOCZAT RUVVOVE, it crumbles to dust.
It is a scroll of identify.
e - 3 potions of mutation The world spins around you as you enter the gateway.
You enter a bailey!
Found a gate leading back out of this place.
There is an empty arch of ancient stone here.
As you read the scroll of identify, it crumbles to dust.
J - 2 potions of ambrosia
As you read the scroll of identify, it crumbles to dust.
d - 2 potions of curing
As you read the scroll of identify, it crumbles to dust.
i - 2 potions of invisibility
As you read the scroll of identify, it crumbles to dust.
D - 2 potions of degeneration
As you read the scroll of identify, it crumbles to dust.
T - a potion of haste
As you read the scroll of identify, it crumbles to dust.
E - a potion of attraction
As you read the scroll of identify, it crumbles to dust.
V - a potion of lignification You drop 2 potions of degeneration.
You drop a +0 robe.
You remove your +6 ring of dexterity.
You feel clumsy.
U - a +4 ring of protection (right hand) Are you sure you want to abandon this character and quit the game? (Confirm with "yes".)

♣♣♣...♣♣
♣♣......♣.
♣.........
♣..∩......
♣.........
♣.........
♣..@......
♣.........
♣♣........
♣♣♣....♣.
##....
#.♣. ..


There were no monsters in sight!

Vanquished Creatures
  Pikel (D:8)
  An ugly thing (D:7)
  A shadow (D:8)
  4 yaks (D:9)
  Edmund (D:5)
  An orc warrior (D:8)
  A black bear (D:5)
  An ice beast (D:6)
  A sky beast (D:8)
  2 centaurs (D:6)
  2 ogres
  A phantom (D:4)
  4 kobold brigands
  2 lemures (D:8)
  6 bullfrogs
  3 necrophages
  A gnoll sergeant (D:8)
  5 scorpions
  A wight (D:8)
  3 killer bees (D:8)
  6 hounds
  A gnoll bouda (D:6)
  4 jellies
  2 orc priests
  An iguana (D:5)
  Jessica (D:2)
  Terence (D:3)
  4 orc wizards
  7 gnolls
  A river rat (Sewer)
  6 adders
  2 ufetubi
  2 worms
  A dart slug (D:1)
  13 orcs
  6 endoplasms
  3 giant cockroaches
  6 goblins
  8 hobgoblins
  4 jackals (Sewer)
  3 quokkas
  7 ball pythons
  5 bats
  3 frilled lizards
  18 kobolds
  6 rats
163 creatures vanquished.

Notes
Turn   | Place    | Note
-------+----------+-------------------------------------------
     0 | D:1      | AigisTheKnight the Gargoyle Earth Elementalist began the
                  | quest for the Orb.
     0 | D:1      | Reached XP level 1. HP: 10/10 MP: 3/3
   336 | D:1      | Reached XP level 2. HP: 16/16 MP: 1/5
   655 | D:1      | Reached skill level 1 in Fighting
   960 | D:2      | Noticed Jessica
   966 | D:2      | Killed Jessica
   967 | D:2      | Reached skill level 4 in Earth Magic
   967 | D:2      | Reached XP level 3. HP: 20/20 MP: 2/6
  1208 | D:2      | Identified the +4 whip of the Living Dead {protect, *Slow
                  | Fly Dex+5}
  1213 | D:2      | Reached XP level 4. HP: 26/26 MP: 5/7
  2263 | D:3      | Reached XP level 5. HP: 6/31 MP: 4/9
  2449 | D:3      | Identified the +6 long sword "Queduom" {flame, Will+ Str-4
                  | Dex+4}
  2690 | D:3      | Noticed Terence
  2701 | D:3      | HP: 1/31 [Terence/+0 short sword (4)]
  2702 | D:3      | Killed Terence
  2936 | D:4      | Noticed a phantom
  2941 | D:4      | Killed a phantom
  2942 | D:4      | Reached skill level 5 in Earth Magic
  2942 | D:4      | Reached XP level 6. HP: 37/37 MP: 5/10
  3129 | D:4      | Found a radiant altar of Vehumet.
  3368 | D:4      | Reached XP level 7. HP: 35/41 MP: 2/12
  3432 | D:4      | Became a worshipper of Vehumet
  4000 | D:5      | Entered Level 5 of the Dungeon
  4013 | D:5      | Noticed Edmund
  4182 | D:5      | Found a runed translucent door.
  4220 | D:5      | Reached skill level 6 in Earth Magic
  4300 | D:5      | Found a glowing drain.
  4309 | Sewer    | Entered a sewer
  4429 | Sewer    | Reached XP level 8. HP: 30/48 MP: 0/14
  4547 | Sewer    | Found a white marble altar of Elyvilon.
  4633 | D:5      | Noticed cforsyth's ghost (novice MiBe)
  4711 | D:5      | Learned a level 3 spell: Stone Arrow
  4727 | D:5      | Killed Edmund
  4880 | D:5      | Reached skill level 5 in Fighting
  5151 | D:5      | Reached * piety under Vehumet
  5151 | D:5      | Offered knowledge of Foxfire by Vehumet.
  5252 | D:5      | Learned a level 2 spell: Passwall
  5346 | D:6      | Identified the +5 plate armour "Earthly Heaven" {Harm *Slow
                  | rF++ MP+9}
  5376 | D:6      | Reached skill level 5 in Spellcasting
  5376 | D:6      | Reached skill level 1 in Conjurations
  5376 | D:6      | Reached skill level 7 in Earth Magic
  5803 | D:6      | Reached XP level 9. HP: 39/55 MP: 3/16
  6046 | D:6      | Found a glowing silver altar of Zin.
  6075 | D:6      | Found an iron altar of Okawaru.
  6432 | D:7      | Reached skill level 5 in Dodging
  6501 | D:7      | Found a staircase to the Ecumenical Temple.
  6576 | D:7      | Identified the +2 leather armour "Tympem" {rC+}
  6663 | Temple   | Entered the Ecumenical Temple
  7013 | D:7      | Noticed a white ugly thing
  7018 | D:7      | Killed a white ugly thing
  7019 | D:7      | Reached skill level 1 in Armour
  7019 | D:7      | Reached skill level 8 in Earth Magic
  7339 | D:7      | Offered knowledge of Kiss of Death by Vehumet.
  7510 | D:7      | Found an ancient bone altar of Kikubaaqudgha.
  7673 | D:8      | Noticed Pikel
  7686 | D:8      | Killed Pikel
  7812 | D:8      | Reached ** piety under Vehumet
  7831 | D:8      | Reached XP level 10. HP: 59/63 MP: 19/19
  8530 | D:8      | Reached skill level 5 in Conjurations
  9064 | D:9      | Reached skill level 9 in Earth Magic
  9232 | D:9      | Found a runed translucent door.
  9232 | D:9      | Noticed a fire dragon
  9233 | D:9      | Noticed an ice dragon
  9233 | D:9      | Found the +2 shield of Resistance {rF++ rC++ Will++}
  9251 | D:9      | Noticed an ice dragon
  9253 | D:9      | Noticed a fire dragon
  9285 | D:9      | Found a flagged portal.
  9290 | D:9      | Identified the +5 halberd of the Forsaken Beggars {drain,
                  | rF+ rN+ Will+ Int-2}
  9295 | D:9      | Found Etosoxt's Book Shoppe.
  9313 | Bailey   | Entered a bailey
  9325 | Bailey   | Quit the game

Illustrated notes

Levels and vault maps discovered:
D:1:      roderic_octagonal_star, layout_loops_ring
D:2:      layout_basic, uniq_jessica
D:3:      layout_basic, minmay_misc_feat_tiny, uniq_terence
D:4:      layout_basic, kennysheep_mini_moat
D:5:      layout_cave_pools, gup_sewer_entry_bubbles,
          ebering_ghost_reflecting_pool, roderic_lattice_a, uniq_edmund
D:6:      layout_cave_pools, mainiacjoe_overflow_paths, zin_academy,
          serial_park_tiny_2, chequers_serial_rivers_micro_c,
          corexii_hall_statues_i, hangedman_decor_opposing
D:7:      layout_basic, mainiacjoe_overflow_surrounded_room,
          minmay_temple_entry_glass
D:8:      minmay_general_purpose_star, layout_loops_ring, uniq_pikel
D:9:      layout_basic, enter_bailey_2, serial_shops, shop, shop, shop,
          minmay_guarded_unrand_resistance
Temple:   minmay_temple_bridge_d
Bailey:   bailey_polearm_elven_captive_hellmonk, bailey

Skill      XL: |  1  2  3  4  5  6  7  8  9 10 |
---------------+-------------------------------+-----
Fighting       | 1 2 3 4 5 7 |  7.6
Dodging        | 2 3 4 5 |  5.0
Earth Magic    | 4 5 6 7 8 9 |  9.2
Spellcasting   | 3 4 5 6 |  6.7
Conjurations   | 2 4 5 |  5.4
Armour         | 3 4 |  4.2
Stealth        | |  2.2
Transmutations | |  0.7

Action                   |  1- 3 |  4- 6 |  7- 9 | 10-12 || total
-------------------------+-------+-------+-------+-------++-------
Melee: Whip              |       |    47 |    64 |       ||   111
       Punch             |       |     1 |     3 |       ||     4
 Fire: Shortbow          |       |       |    50 |    38 ||    88
 Cast: Sandblast         |    36 |    62 |   115 |    27 ||   240
       Stone Arrow       |       |       |    26 |    14 ||    40
  Use: Scroll            |       |       |       |     8 ||     8
 Stab: Sleeping          |       |     3 |       |       ||     3
Armor: Robe              |     6 |    33 |    63 |       ||   102
       Leather armour    |       |       |    16 |    20 ||    36
Dodge: Dodged            |    10 |    54 |   159 |    20 ||   243

Table legend: (Time is in decaauts)
 A = Elapsed time spent in this place.
 B = Non-inter-level travel time spent in this place.
 C = Inter-level travel time spent in this place.
 D = Time resting spent in this place.
 E = Time spent auto-exploring this place.
 F = Levels seen in this place.
 G = Mean time per level.
                   A        B        C        D        E       F      G
               +--------+--------+--------+--------+--------+-----+--------+
         Total |   9497 |   9094 |    403 |   1244 |   6221 |  12 |  791.4 |
       Dungeon |   8973 |   8578 |    395 |   1151 |   5898 |   9 |  997.0 |
        Temple |    226 |    218 |      8 |      0 |    208 |   1 |  226.0 |
         Sewer |    285 |    285 |      0 |     93 |    115 |   1 |  285.0 |
        Bailey |     10 |     10 |      0 |      0 |      0 |   1 |   10.0 |
               +--------+--------+--------+--------+--------+-----+--------+

Top non-repeatable levels by time:
     D:8: 1445 daAuts
     D:5: 1199 daAuts
     D:2: 1188 daAuts
     D:7: 1088 daAuts
     D:4: 1088 daAuts
     D:1: 957 daAuts
     D:6: 911 daAuts
     D:3: 829 daAuts
   Sewer: 285 daAuts
     D:9: 265 daAuts
  Temple: 226 daAuts
  Bailey: 10 daAuts
